Unix NetHack Version 5.0.0-0 post-release - last build May 22 2026 02:22:16 (99d1c3b6dc4b13757aaa5824b55bdea4e1e63757,branch:main).

Game began 2026-05-22 03:19:13, ended 2026-05-22 04:06:30.

Ackbladder, neutral male gnomish Wizard

                                         ----
                                ----------..|
                                |.....^.....|
                                |.....-----^|
                                |.....|   |.--
                                |.....|----..|
                                |.....|<.^.^=|
                                ---.---------|
                                 |..--->---..|
                                 |...@.....`.|
                                 |..u----.``.|
                                 |...|  |...%|
                                 -----  ------

Ackbladder the Thaumaturge  St:12 Dx:13 Co:17 In:18 Wi:13 Ch:9  Neutral
Dlvl:5  $:63 HP:0(53) Pw:7(58) AC:9  Xp:6 T:5667  Burdened

Latest messages:
 You hear a boulder fall.
 Click!  You trigger a rolling boulder trap!
 No boulder was released.
 You see here 2 pears.
 Wizard needs food, badly!
 There are 2 pears here; eat one? [ynq] (n) y
 Core dumped.
 You only feel hungry now.
 There is a pear here; eat it? [ynq] (n) y
 Blecch!  Rotten food!
 You see here a food ration.
 There is a food ration here; eat it? [ynq] (n) y
 This food really hits the spot!
 You finish eating the food ration.
 With great effort you move the boulder.
 The boulder suddenly rolls away from you!
 Thump!
 You escape a rolling boulder trap.
 The boulder suddenly rolls away from you!
 You hear a boulder fall.
 Click!  You trigger a rolling boulder trap!
 No boulder was released.
 A mysterious force prevents the white unicorn from teleporting!
 A mysterious force prevents the white unicorn from teleporting!
 A mysterious force prevents the white unicorn from teleporting!
 A mysterious force prevents the white unicorn from teleporting!
 A mysterious force prevents the white unicorn from teleporting!
 The white unicorn butts!
 The white unicorn kicks!
 The white unicorn butts!
 The white unicorn kicks!
 In what direction? 2
 A mysterious force prevents the white unicorn from teleporting!
 A mysterious force prevents the white unicorn from teleporting!
 You shock the white unicorn.
 A mysterious force prevents the white unicorn from teleporting!
 A mysterious force prevents the white unicorn from teleporting!
 You shock the white unicorn.
 A mysterious force prevents the white unicorn from teleporting!
 You shock the white unicorn.
 A mysterious force prevents the white unicorn from teleporting!
 A mysterious force prevents the white unicorn from teleporting!
 You shock the white unicorn.
 The white unicorn butts!
 The white unicorn kicks!
 The white unicorn butts!
 The white unicorn kicks!
 You die...
 Do you want your possessions identified? [ynq] (y) y
 Do you want to see your attributes? [ynq] (y) q

Inventory:
 Coins    ('$')
  $ - 63 gold pieces
 Amulets  ('"')
  Y - an uncursed amulet of ESP
  H - an uncursed amulet versus poison (being worn)
 Weapons  (')')
  A - a +0 elven dagger
  a - a blessed +1 quarterstaff (weapon in hands)
  E - a +0 quarterstaff
 Armor    ('[')
  B - a blessed +3 dunce cap
  T - an uncursed +0 orcish helm
  U - an uncursed +0 orcish helm
  K - a cursed -1 pair of gauntlets of fumbling
  p - an uncursed +0 pair of high boots
  b - an uncursed +0 cloak of magic resistance (being worn)
 Comestibles  ('%')
  o - 8 uncursed food rations
 Scrolls  ('?')
  i - an uncursed scroll of confuse monster
  N - 2 uncursed scrolls of earth
  P - an uncursed scroll of enchant weapon
  R - a blessed scroll of food detection
  j - an uncursed scroll of genocide
  S - a blessed scroll of gold detection
  k - an uncursed scroll of gold detection
  v - a cursed scroll of identify
  z - an uncursed scroll of punishment
  G - an uncursed scroll of taming
  L - an uncursed scroll of teleportation
 Potions  ('!')
  J - a blessed potion of blindness
  f - an uncursed potion of blindness
  I - an uncursed potion of confusion
  h - an uncursed potion of extra healing
  C - an uncursed potion of gain energy
  x - 2 blessed potions of healing
  s - 2 uncursed potions of healing
  t - 2 cursed potions of healing
  X - an uncursed potion of invisibility
  w - an uncursed potion of object detection
  O - an uncursed potion of paralysis
  F - an uncursed potion of see invisible
  g - an uncursed potion of water
 Rings    ('=')
  y - an uncursed ring of cold resistance
  V - a cursed -1 ring of increase damage
  d - an uncursed ring of poison resistance (on right hand)
  e - an uncursed ring of polymorph
  m - an uncursed ring of regeneration
 Wands    ('/')
  M - a wand of secret door detection (0:12)
  Q - a wand of sleep (0:4)
  c - a wand of speed monster (0:4)
 Tools    ('(')
  D - an uncursed credit card
  r - an uncursed magic lamp
  n - a magic marker (0:20)
  u - an uncursed stethoscope
  Z - an uncursed towel

Ackbladder the Wizard's attributes:

Background:
 You were a Thaumaturge, a level 6 male gnomish Wizard.
 You were neutral, on a mission for Thoth
 who was opposed by Ptah (lawful) and Anhur (chaotic).
 You were right-handed.
 You were in Sokoban, on level 5.
 You entered the dungeon 5667 turns ago.
 It was nighttime.
 You had 527 experience points, 113 more were needed to attain level 7.

Basics:
 You had 0 out of 53 hit points.
 You had 7 out of 58 energy points (spell power).
 Your armor class was 9.
 Your wallet contained 63 zorkmids.
 Autopickup was off.

Final Characteristics:
 Your strength was 12 (limit:18/50).
 Your dexterity was 13 (limit:18).
 Your constitution was 17 (limit:18).
 Your intelligence was 18 (limit:19).
 Your wisdom was 13 (limit:18).
 Your charisma was 9 (limit:18).

Final Status:
 You weren't hungry.
 You were burdened; movement was slightly slowed.
 You were wielding a quarterstaff.
 You were skilled in quarterstaff.

Final Attributes:
 You were piously aligned.
 You were magic-protected.
 You were poison resistant.
 You were telepathic.
 You had infravision.
 You were warded.
 You are dead.

Miscellaneous:
 You didn't encounter any bones levels.
 Total elapsed playing time was 47 minutes and 16 seconds.

Major events:
 Turn
    1: Ackbladder the neutral male gnomish Wizard entered the dungeon
  532: entered the Gnomish Mines
 1115: attained the rank of Conjurer (level 3)
 3908: attained the rank of Thaumaturge (level 6)
 5392: entered Sokoban
 5667: killed by a white unicorn

Spells:
 Name                 Level Category     Fail Retention
 force bolt             1   attack         0%   71%-80%
 knock                  1   matter         0%   51%-75%
 healing                1   healing        0%  76%-100%
 wizard lock            2   matter        31%  76%-100%
 magic missile          2   attack         0%   81%-90%
 slow monster           2   enchantment    0%   81%-90%
 extra healing          3   healing       71%  76%-100%
 remove curse           3   clerical      71%  76%-100%
 chain lightning        2   attack         0%   81%-90%

Skills:
 Fighting Skills
   bare handed combat [Unskilled]
   riding             [Unskilled]
 Weapon Skills
   dagger             [Unskilled]
   knife              [Unskilled]
   axe                [Unskilled]
   short sword        [Unskilled]
   club               [Unskilled]
   mace               [Unskilled]
   quarterstaff       [Skilled]
   polearms           [Unskilled]
   spear              [Unskilled]
   trident            [Unskilled]
   sling              [Unskilled]
   dart               [Unskilled]
   shuriken           [Unskilled]
 Spellcasting Skills
   attack spells      [Basic]
   healing spells     [Unskilled]
   divination spells  [Unskilled]
   enchantment spells [Basic]
   clerical spells    [Unskilled]
   escape spells      [Unskilled]
   matter spells      [Unskilled]

Voluntary challenges:
 Character rerolling was not enabled.
 You never genocided any monsters.
 You never polymorphed an object.
 You never changed form.
 You used no wishes.
 You did not violate any of the special Sokoban rules.
Achievements:
 You entered the Gnomish Mines.
 You entered a shop.
 You attained the rank of Conjurer.
 You attained the rank of Thaumaturge.
 You entered Sokoban.

 The Dungeons of Doom: levels 1 to 6
    Level 1:
       A fountain.
    Level 2:
       A general store, some fountains, a sink.
    Level 3:
       Stairs down to The Gnomish Mines.
    Level 4:
       A bookstore.
    Level 5:
       Many fountains.
       Oracle of Delphi.
    Level 6:
       A fountain, a sink.
       Stairs up to Sokoban, level 5.
 The Gnomish Mines:
    Level 4:
 Sokoban:
    Level 5: <- You were here.
       Unsolved.
       Final resting place for
          you, killed by a white unicorn.


Vanquished creatures:
  8 Uruk-hai
  a fog cloud
  4 shriekers
  2 straw golems
  a giant ant
  2 little dogs
  2 kittens
  a dwarf
  2 homunculi
  a kobold leader
  5 hill orcs
  4 rothes
  2 giant bats
  2 iguanas
  2 acid blobs
  5 coyotes
  4 gas spores
  3 hobgoblins
  a giant rat
  3 cave spiders
  a yellow mold
  2 green molds
  a gnome
  4 garter snakes
  a gnome zombie
  6 geckos
  4 jackals
  3 goblins
  4 sewer rats
  7 grid bugs
  a bat
  5 lichens
  a kobold zombie
  7 newts
102 creatures vanquished.

No species were genocided or became extinct.

Game over:
                       ----------
                      /          \
                     /    REST    \
                    /      IN      \
                   /     PEACE      \
                  /                  \
                  |    Ackbladder    |
                  |      63 Au       |
                  |   killed by a    |
                  |  white unicorn   |
                  |                  |
                  |                  |
                  |       2026       |
                 *|     *  *  *      | *
        _________)/\\_//(\/(/\)/\//\/|_)_______

Goodbye Ackbladder the Wizard...

You died in Sokoban on dungeon level 5 with 2425 points,
and 63 pieces of gold, after 5667 moves.
You were level 6 with a maximum of 53 hit points when you died.

